 Dungeon Crawl Stone Soup version 0.17-a0-1663-gb806841 (webtiles) character file.

35 nuthulu the Skirmisher (level 3, -5/29 HPs)
             Began as a Mummy Chaos Knight on Aug 16, 2015.
             Slain by a gnoll
             ... wielding a +0 flail
              (11 damage)
             ... on level 1 of the Dungeon.
             The game lasted 00:03:04 (1291 turns).

nuthulu the Skirmisher (Mummy Chaos Knight)         Turns: 1291, Time: 00:03:05

Health: -5/29      AC:  5    Str: 15    XL:     3   Next: 16%
Magic:  3/3        EV: 11    Int: 11    God:    Xom [...*..]
Gold:   71         SH:  0    Dex: 12    Spells: 0 memorised, 2 levels left

rFire  x . .     SeeInvis .     a - +1 mace (chaos)
rCold  + . .     Clarity  .     b - +2 leather armour
rNeg   + + +     SustAt   .     (no shield)
rPois  ∞         Gourm    .     (no helmet)
rElec  .         Spirit   .     (no cloak)
rCorr  .         Warding  .     (no gloves)
rMut   .         Stasis   .     (no boots)
MR     .....                    c - amulet of inaccuracy (curse)
Stlth  +.........               (no ring)
                                (no ring)

@: not resistant to hostile enchantments, very unstealthy
A: no food or potions, fire vulnerability, cold resistance 1, negative energy
resistance 3, torment resistance, unbreathing
a: Renounce Religion


You were on level 1 of the Dungeon.
You worshipped Xom.
You were a favourite toy of Xom.
You were not hungry.

You visited 1 branch of the dungeon, and saw 2 of its levels.

You collected 71 gold pieces.

Inventory:

Hand weapons
 a - a +1 mace of chaos (weapon)
Missiles
 f - 8 arrows of frost
Armour
 b - a +2 leather armour (worn)
 e - a +0 robe
Jewellery
 c - a cursed amulet of inaccuracy (around neck)
Scrolls
 d - 3 scrolls of identify


   Skills:
 + Level 3.4 Fighting
 + Level 2.8 Maces & Flails
 - Level 1.6 Armour
 - Level 0.7 Dodging
 + Level 1.2 Stealth


You had 2 spell levels left.
You didn't know any spells.

Dungeon Overview and Level Annotations

Branches:
Dungeon (2/15)

Altars:


Innate Abilities, Weirdness & Mutations

You do not eat or drink.
Your flesh is vulnerable to fire.
You are immune to poison.
Your flesh is cold resistant.
You are immune to negative energy.
You are immune to unholy pain and torment.
You can survive without breathing.


Message History

You hit the gnoll.
The gnoll seems to speed up.
Xom is amused.
The gnoll is moderately wounded.
The gnoll hits you with a flail.
* * * LOW HITPOINT WARNING * * *
The gnoll barely misses you.
Unknown command.
The gnoll hits you with a flail.
* * * LOW HITPOINT WARNING * * *
The gnoll completely misses you. The gnoll hits you but does no damage.
Xom grants you some temporary aid. The gnoll closely misses you.
Your iron imp closely misses the gnoll.
Your white imp hits the gnoll but does no damage.
Your crimson imp barely misses the gnoll.
Your white imp hits the gnoll but does no damage.
Your crimson imp hits the gnoll.
The gnoll hits you with a flail!
You die...

.(.#....####........##.##..#.....
...#.#.#.###........##..##.##....
..........##........###.##..##...
...#.#.#.#.'........# #.###..###.
..........##........# #..###..###
...#.#.#.###........# ##.# ##.#
...>......##........# #.# #.#
...#.#.#.###.5......# #(# #.#
...###.......5.g@.[.# #(# #.#
...# #.......5......# #(## #.#
...# #......######### #(.###.#
#### #......# #)...#.### #......#
#..†...... #####'## #......###
#)# ####......# # #######.#
#.........# #
#.......##########.#.......# #


You could see a gnoll, a friendly iron imp, a friendly crimson imp and a
friendly white imp.

Vanquished Creatures
  4 giant geckos (D:1)
  3 bats
  5 hobgoblins (D:1)
  6 goblins (D:1)
  6 kobolds (D:1)
  5 rats
29 creatures vanquished.

Notes
Turn   | Place    | Note
--------------------------------------------------------------
     0 | D:1      | nuthulu the Mummy Chaos Knight began the quest for the Orb.
     0 | D:1      | Reached XP level 1. HP: 18/18 MP: 1/1
   212 | D:1      | XOM: divination: detect items
   215 | D:1      | Reached XP level 2. HP: 14/24 MP: 2/2
   366 | D:1      | XOM: divination: detect items
   398 | D:1      | XOM: god gift: robe {god gift}
   471 | D:1      | XOM: divination: magic mapping
   512 | D:1      | Reached skill level 1 in Stealth
   539 | D:1      | XOM: god gift: 8 arrows of frost
   758 | D:1      | XOM: scenery: 1 doors close
   815 | D:1      | XOM: scenery: 1 doors open
   835 | D:1      | XOM: harmless Ice miscast
   901 | D:1      | XOM: silly message
   988 | D:1      | Reached XP level 3. HP: 25/29 MP: 3/3
  1274 | D:1      | XOM: harmless Divn miscast
  1287 | D:1      | XOM: summons 3 friendly demons
  1291 | D:1      | Slain by a gnoll

Vault maps used:
D:1:      minmay_arrival_loop, st_stairs_8
D:2:      serial_park_tiny_pond, uniq_iyjb

Action                   || total
-------------------------++-------
Melee: Mace              ||    97
  Use: Scroll            ||     4
